 Dungeon Crawl Stone Soup version 0.26.1-11-gd32895ea62 (webtiles) character file.

Game seed: 11209139893592110626

598 Tirrikindir the Slasher (level 7, 0/48 HPs)
             Began as an Octopode Fighter on May 25, 2021.
             Was an Initiate of Gozag.
             Succumbed to an orc's poison
             ... on level 4 of the Dungeon.
             The game lasted 00:09:18 (3156 turns).

Tirrikindir the Slasher (Octopode Fighter)          Turns: 3156, Time: 00:09:18

Health: 0/48       AC:  1    Str: 17    XL:     7   Next: 40%
Magic:  7/7        EV: 13    Int: 10    God:    Gozag
Gold:   506        SH: 10    Dex: 18    Spells: 6/6 levels left

rFire    . . .     SeeInvis .   a - +1 long sword
rCold    . . .     Faith    .   b - +0 kite shield
rNeg     . . .     Spirit   .   (helmet restricted)
rPois    .         Reflect  .   p - amulet of inaccuracy (curse)
rElec    .         Harm     .   n - +6 ring of dexterity
rCorr    .         Rampage  .   (no ring)
Will     .....                  (no ring)
Stlth    ++++......             (no ring)
HPRegen  0.16/turn              (no ring)
MPRegen  0.10/turn              (no ring)
                                (no ring)
                                (no ring)

@: lethally poisoned (0 -> -3), about to teleport
A: almost no armour, stealthy swim, amphibious, 8 rings, constrict 8, camouflage
1, gelatinous body 1
a: Renounce Religion, Potion Petition, Call Merchant, Bribe Branch


You were on level 4 of the Dungeon.
You worshipped Gozag.
Gozag was pleased with you.
You visited 1 branch of the dungeon, and saw 4 of its levels.

You collected 528 gold pieces.
You paid 22 gold pieces to Gozag.

Inventory:

Hand Weapons
 a - a +1 long sword (weapon)
 d - a +0 short sword
Missiles
 g - 6 poisoned darts (quivered)
Armour
 b - a +0 kite shield (worn)
Jewellery
 n - a +6 ring of dexterity (left tentacle)
 p - a cursed amulet of inaccuracy (around mantle)
Wands
 l - a wand of flame (9)
 m - a wand of iceblast (11)
Scrolls
 e - a scroll of teleportation
 f - a scroll of amnesia
Potions
 c - 2 potions of curing {unknown}
 h - a potion of haste
 i - 2 potions of mutation {unknown}
 k - 2 potions of brilliance {unknown}


   Skills:
 - Level 4.0 Fighting
 * Level 5.7 Long Blades
 - Level 4.0 Dodging
 - Level 4.0 Stealth
 - Level 4.0 Shields


You had 6 spell levels left.
You didn't know any spells.
Your spell library was empty.

Dungeon Overview and Level Annotations

Branches:
Dungeon (4/15)
 Temple: D:4-7

Altars:
Ashenzari
Fedhas
Gozag
Yredelemnul

Shops:
D:2 *   D:4 [[


Innate Abilities, Weirdness & Mutations

You cannot wear most types of armour.
You are very stealthy in the water. (Stealth+)
You are amphibious.
You can wear up to eight rings at the same time.
You can use your tentacles to constrict eight enemies at once.
Your skin changes colour to match your surroundings (Stealth+).
Your rubbery body absorbs attacks. (AC +1, EV +1)


Message History

An orc comes into view. It is wielding a +0 flail.
You feel sick.
You feel sick.
An orc wizard is nearby!
You feel sick.
You feel sick.
You feel sick.
You feel sick.
You feel sick.
You feel sick.
You feel sick.
You feel sick.
You feel sick.
The orc wizard points at you and mumbles some strange words.
The magic dart hits you!
* * * LOW HITPOINT WARNING * * *
As you read the scroll of teleportation, it crumbles to dust.
You feel strangely unstable.
You die...
Your body crumbles into a pile of gold.

# #........# #∩#♣...........#.. .
#......>.# #'#♣...........#..
.###........##♣♣.♣♣.....#.....#..
..##.....)[...................##.
...###..##..................####.
#........#.####...........### #.
#....#...o...##..........## ##.
.....o.##.##.............# #..
...#.####..##..#@........######.#
$....# ##.##.###......#.)..♣...#
.#...# #.#..# ##.########..#..#
###..# #...## #..# #♣∩♣.## #.....
...# ##..# #...# ##.####..## #.#
#♣..# #.. ..... .# #..# ..)####..
.. #.<# ... .# ...#


You could see an orc wizard.

Vanquished Creatures
  Sigmund (D:2)
  2 howler monkeys
  2 orc wizards
  An orc priest (D:4)
  Jessica (D:3)
  Natasha (thrice) (D:2)
  2 worker ants
  4 adders
  3 dart slugs
  3 leopard geckos
  7 orcs
  6 giant cockroaches
  6 goblins
  7 hobgoblins
  8 jackals
  A quokka (D:2)
  A ball python (D:4)
  12 bats
  3 frilled lizards
  10 kobolds
  9 rats
92 creatures vanquished.

Notes
Turn   | Place    | Note
-------+----------+-------------------------------------------
     0 | D:1      | Tirrikindir the Octopode Fighter began the quest for the
                  | Orb.
     0 | D:1      | Reached XP level 1. HP: 16/16 MP: 1/1
   520 | D:1      | Reached XP level 2. HP: 21/21 MP: 2/2
   647 | D:1      | Reached skill level 1 in Stealth
   916 | D:1      | Reached XP level 3. HP: 22/26 MP: 3/3
  1225 | D:2      | Noticed Natasha
  1231 | D:2      | Killed Natasha
  1238 | D:2      | Reached XP level 4. HP: 21/31 MP: 4/4
  1507 | D:2      | Found an opulent altar of Gozag.
  1511 | D:2      | Found Gozag's Platinum Reserve.
  1515 | D:2      | Became a worshipper of Gozag Ym Sagoz the Greedy
  1576 | D:2      | Noticed Natasha
  1578 | D:2      | Noticed Sigmund
  1582 | D:2      | Killed Natasha
  1583 | D:2      | Reached skill level 3 in Long Blades
  1585 | D:2      | Killed Sigmund
  1586 | D:2      | Reached XP level 5. HP: 37/37 MP: 5/5
  1586 | D:2      | Reached XP level 6. HP: 43/43 MP: 6/6
  1650 | D:2      | Noticed Natasha
  1653 | D:2      | Killed Natasha
  1857 | D:3      | Reached skill level 4 in Long Blades
  1864 | D:3      | Noticed Jessica
  1876 | D:3      | Killed Jessica
  1882 | D:2      | HP: 2/43 [hobgoblin (1)]
  2644 | D:3      | Found a blossoming altar of Fedhas.
  2644 | D:3      | Found a broken altar of Ashenzari.
  2650 | D:3      | Found a faded altar of an unknown god.
  2654 | D:3      | Found a basalt altar of Yredelemnul.
  2662 | D:3      | Found a faded altar of an unknown god.
  2716 | D:3      | Reached XP level 7. HP: 48/48 MP: 7/7
  2796 | D:4      | Found Nufiret's Antique Armour Boutique.
  2821 | D:4      | Reached skill level 5 in Long Blades
  2854 | D:4      | Found Xenytwy's Armour Emporium.
  3154 | D:4      | HP: 1/48 [orc wizard/magic dart (8)]
  3156 | D:4      | Succumbed to an orc's poison

Illustrated notes

Levels and vault maps discovered:
D:1:      psy_arrival_radial01, layout_loops_corners
D:2:      layout_rooms, nicolae_gozag_zags_fifth_avenue, uniq_natasha,
          uniq_sigmund
D:3:      layout_rooms, chequers_temple_overflow_minitemple, uniq_jessica
D:4:      layout_rooms, serial_shops, shop_fountains, kennysheep_mini_moat,
          nicolae_shop_trees, nicolae_shop_waterfront

Skill      XL: |  1  2  3  4  5  6  7 |
---------------+----------------------+-----
Stealth        | 1 3 4 |  4.0
Long Blades    | 3 4 5 |  5.7
Fighting       | 4 |  4.0
Dodging        | 4 |  4.0
Shields        | 4 |  4.0

Action                   |  1- 3 |  4- 6 |  7- 9 || total
-------------------------+-------+-------+-------++-------
Melee: Long sword        |    43 |    87 |    32 ||   162
       Constrict         |    12 |    26 |    11 ||    49
       Tentacles         |     5 |    14 |    10 ||    29
Throw: Dart              |       |       |     1 ||     1
  Use: Scroll            |     4 |     3 |     7 ||    14
       Potion            |       |     1 |       ||     1
 Stab: Sleeping          |     6 |     9 |     1 ||    16
Armor: Skin              |    13 |    11 |     2 ||    26
Dodge: Dodged            |    18 |    37 |    15 ||    70
Block: Kite shield       |    20 |    45 |    12 ||    77
       Rpst.: Long sword |     3 |    14 |     4 ||    21
